 Dungeon Crawl Stone Soup version 0.21.1-1-g345015f (webtiles) character file.

4403 Fang the Cleaver (level 10, -16/96 HPs)
             Began as a Gargoyle Berserker on May 18, 2018.
             Was an Elder of Trog.
             Demolished by Golfball's ghost (37 damage)
             ... on level 7 of the Dungeon.
             The game lasted 00:11:29 (7525 turns).

Fang the Cleaver (Gargoyle Berserker)               Turns: 7525, Time: 00:11:30

Health: -16/96     AC: 10    Str: 29    XL:     10   Next: 35%
Magic:  10/10      EV: 14    Int:  8    God:    Trog [****..]
Gold:   570        SH:  0    Dex:  9    Spells: 9/9 levels left

rFire    . . .     SeeInvis .   s - +4 hand axe (elec)
rCold    + . .     Gourm    .   (no shield)
rNeg     + + .     Faith    .   f - +1 robe {rC+}
rPois    ∞         Spirit   .   (no helmet)
rElec    +         Reflect  .   m - scarf {cloud immunity}
rCorr    +         Harm     .   (no gloves)
MR       .....                  (no boots)
Stlth    ..........             (no amulet)
HPRegen  0.26/turn              l - ring of positive energy
MPRegen  0.12/turn              p - ring of resist corrosion

@: berserking (expiring), very quick
A: negative energy resistance 1, electricity resistance, unbreathing,
petrification resistance, rot immunity, AC +7
a: Berserk, Trog's Hand, Brothers in Arms, Burn Spellbooks, Renounce Religion


You were on level 7 of the Dungeon.
You worshipped Trog.
Trog was greatly pleased with you.
You were hungry.

You visited 1 branch of the dungeon, and saw 7 of its levels.

You collected 570 gold pieces.

Inventory:

Hand Weapons
 s - a +4 hand axe of electrocution (weapon)
Missiles
 d - 5 silver tomahawks (quivered)
Armour
 f - a +1 robe of cold resistance (worn)
 m - a scarf of cloud immunity (worn)
Jewellery
 l - a ring of positive energy (left hand)
 p - a ring of resist corrosion (right hand)
Wands
 t - a wand of random effects (13)
Scrolls
 a - 2 scrolls of fear {unknown}
 b - 4 scrolls of teleportation
 g - a scroll of magic mapping
 i - 3 scrolls of remove curse
 r - a scroll of fog
 v - 2 scrolls of identify
 w - a scroll of summoning {unknown}
Potions
 e - 2 potions of brilliance
 h - 4 potions of heal wounds
 j - 2 potions of flight
 k - a potion of mutation
 n - 2 potions of invisibility
 o - 2 potions of lignification
 q - a potion of curing
 z - a potion of magic
Comestibles
 c - 9 rations
 u - 3 chunks of flesh


   Skills:
 + Level 8.0 Fighting
 + Level 9.6 Axes
 + Level 2.9 Armour
 + Level 6.2 Dodging
 + Level 5.1 Stealth


You had 9 spell levels left.
You didn't know any spells.

Dungeon Overview and Level Annotations

Branches:
Dungeon (7/15)
 Temple: D:4-7

Altars:
Ashenzari
Dithmenos
Elyvilon
Gozag
Okawaru
Qazlal
Sif Muna
Uskayaw

Annotations:
D:7 Golfball's ghost, novice HOFi


Innate Abilities, Weirdness & Mutations

You are resistant to torment.
Your stone body is resilient. (AC +7)
You are immune to poison.
You resist negative energy. (rN+)
You are resistant to electric shocks. (rElec)
You can survive without breathing.
You are immune to petrification.
You are immune to rotting.


Message History

You are too injured to fight recklessly!
You are too injured to fight recklessly!
You hit Golfball's ghost.
Lightning courses through Golfball's ghost!
Golfball's ghost is lightly damaged.
Golfball's ghost hits you!!
* * * LOW HITPOINT WARNING * * *
You barely miss Golfball's ghost.
Golfball's ghost is lightly damaged.
You slash Golfball's ghost!
Golfball's ghost is moderately damaged.
Golfball's ghost hits you.
* * * LOW HITPOINT WARNING * * *
x2 You hit Golfball's ghost.
Golfball's ghost is moderately damaged.
You slash Golfball's ghost!
Lightning courses through Golfball's ghost!
Golfball's ghost is severely damaged.
Golfball's ghost hits you!!!
You die...

####### ####
##.....##.....
##.............
#?......>......
#..............
#.....?........ ..Y..#
#####....$......... .....#
.........@W..)..... ......
........###'###.... ......
.......##.....# ........#
...)..##....#..## ..... ##
.....##..#..##..####'####.
.....#..##..###..#..#..#..
.... #.###.#.....#..##.#.#
.⌠.. +....###...)'.....'..
#.....#.###.#.###.###


You could see Golfball's ghost.

Vanquished Creatures
  Pikel (D:6)
  The ghost of Prodoman the Ruffian, an amateur TrBe of Trog (D:4)
  Grinder (D:3)
  The ghost of Fang the Skirmisher, an amateur GrBe of Trog (D:5)
  4 hippogriffs (D:7)
  A hungry ghost (D:6)
  Menkaure (D:6)
  Edmund (D:5)
  An orc warrior (D:7)
  A phantom (D:6)
  3 slaves (D:6)
  A black bear (D:6)
  A sky beast (D:5)
  3 ogres
  2 centaurs
  A big kobold (D:2)
  A bullfrog (D:7)
  A wyvern zombie (D:6)
  A water moccasin zombie (D:6)
  A scorpion (D:7)
  2 killer bees (D:7)
  4 crimson imps
  A jelly (D:7)
  5 hounds
  A quasit (D:7)
  2 orc priests
  8 orc wizards
  A bullfrog skeleton (D:4)
  A centaur skeleton (D:7)
  3 iguanas
  5 worker ants
  2 hound skeletons (D:6)
  2 worker ant zombies
  8 adders
  6 gnolls
  A howler monkey skeleton (D:7)
  An adder zombie (D:5)
  2 worms
  3 dart slugs
  3 leopard geckos
  26 orcs
  3 ball pythons
  5 bats
  4 giant cockroaches
  7 goblins
  3 hobgoblins (D:1)
  4 jackals
  2 quokkas (D:4)
  6 frilled lizards
  5 kobolds
  2 leopard gecko skeletons
  6 rats
162 creatures vanquished.

Notes
Turn   | Place    | Note
-------+----------+-------------------------------------------
     0 | D:1      | Fang the Gargoyle Berserker began the quest for the Orb.
     0 | D:1      | Reached XP level 1. HP: 14/14 MP: 1/1
   170 | D:1      | Reached XP level 2. HP: 16/19 MP: 2/2
   396 | D:1      | Reached skill level 3 in Axes
   653 | D:2      | Reached XP level 3. HP: 18/24 MP: 3/3
   760 | D:2      | Noticed a big kobold
   768 | D:2      | Killed a big kobold
   768 | D:2      | Reached XP level 4. HP: 29/29 MP: 4/4
   851 | D:2      | Found a deep blue altar of Sif Muna.
   933 | D:2      | Found a shadowy altar of Dithmenos.
  1034 | D:2      | Reached ** piety under Trog
  1574 | D:3      | Noticed Grinder
  1586 | D:3      | Killed Grinder
  1586 | D:3      | Reached skill level 5 in Fighting
  1586 | D:3      | Reached skill level 4 in Axes
  1586 | D:3      | Reached skill level 1 in Stealth
  1586 | D:3      | Reached XP level 5. HP: 35/35 MP: 5/5
  1586 | D:3      | Reached XP level 6. HP: 40/40 MP: 6/6
  1865 | D:3      | Found an iron altar of Okawaru.
  2418 | D:4      | Reached XP level 7. HP: 44/44 MP: 7/7
  2421 | D:4      | Reached skill level 5 in Axes
  3268 | D:4      | Found a shattered altar of Ashenzari.
  3323 | D:4      | Noticed Prodoman's ghost (amateur TrBe)
  3337 | D:4      | Killed Prodoman's ghost
  3339 | D:4      | Reached skill level 6 in Axes
  3339 | D:4      | Reached XP level 8. HP: 44/50 MP: 8/8
  4096 | D:5      | Entered Level 5 of the Dungeon
  4147 | D:5      | Found a white marble altar of Elyvilon.
  4477 | D:5      | Noticed Edmund
  4491 | D:5      | Killed Edmund
  4610 | D:5      | Noticed Fang's ghost (amateur GrBe)
  4618 | D:5      | Killed Fang's ghost
  4618 | D:5      | Reached *** piety under Trog
  5024 | D:5      | Reached skill level 7 in Axes
  5644 | D:6      | Reached XP level 9. HP: 23/56 MP: 9/9
  6010 | D:6      | Noticed Pikel
  6016 | D:6      | Killed Pikel
  6016 | D:6      | Reached skill level 8 in Axes
  6016 | D:6      | Reached skill level 5 in Dodging
  6119 | D:6      | Noticed Menkaure
  6123 | D:6      | Killed Menkaure
  6170 | D:6      | Reached **** piety under Trog
  6236 | D:6      | Found a stormy altar of Qazlal.
  6725 | D:7      | Found a hide-covered altar of Uskayaw.
  6725 | D:7      | Found an opulent altar of Gozag.
  6767 | D:7      | Reached skill level 9 in Axes
  6966 | D:7      | Reached XP level 10. HP: 49/63 MP: 10/10
  7440 | D:7      | Reached skill level 5 in Stealth
  7509 | D:7      | Noticed Golfball's ghost (novice HOFi)
  7525 | D:7      | Demolished by Golfball's ghost

Skill      XL: |  1  2  3  4  5  6  7  8  9 10 |
---------------+-------------------------------+-----
Axes           | 3 4 6 7 9 |  9.6
Fighting       | 4 5 6 7 8 |  8.0
Dodging        | 2 3 4 5 6 |  6.2
Stealth        | 1 2 3 4 5 |  5.1
Armour         | |  2.9

Action                   |  1- 3 |  4- 6 |  7- 9 | 10-12 || total
-------------------------+-------+-------+-------+-------++-------
Melee: Hand axe          |    52 |    86 |   386 |    58 ||   582
Invok: Berserk           |     1 |     3 |     8 |     1 ||    13
  Use: Scroll            |       |       |    23 |       ||    23
 Stab: Sleeping          |       |       |     4 |     6 ||    10
  Eat: Chunk             |       |     6 |    14 |     2 ||    22
       Ration            |       |       |     4 |       ||     4
Armor: Animal skin       |    11 |    15 |       |       ||    26
       Leather armour    |       |    17 |    20 |       ||    37
       Robe              |       |       |   127 |    25 ||   152
Dodge: Dodged            |    29 |    56 |   244 |    33 ||   362
